 Dungeon Crawl Stone Soup version 0.16-a0-100-g0188e4c (webtiles) character file.

38 Nordron the Grave Robber (level 3, 0/24 HPs)
             Began as a Vampire Necromancer on Aug 9, 2014.
             Slain by an adder (2 damage)
             ... on Level 2 of the Dungeon.
             The game lasted 00:09:44 (1135 turns).

Nordron the Grave Robber (Vampire Necromancer)      Turns: 1135, Time: 00:09:45

HP   0/24        AC  3     Str  7      XL: 3   Next: 25%
MP   0/6         EV 12     Int 18      God:
Gold 77          SH  0     Dex 14      Spells:  2 memorised,  5 levels left

rFire  . . .     SeeInvis +     f - +0 short sword
rCold  + . .     Clarity  .     j - +0 robe
rNeg   + + .     rCorr    .     (no shield)
rPois  +         rRot     +     (no helmet)
rElec  .         Spirit   .     d - +0 cloak
SustAb .         Warding  .     (no gloves)
rMut   .         Stasis   .     (no boots)
Gourm  .                        (no amulet)
MR     .....                    (no ring)
                                (no ring)

@: regenerating slowly, not resistant to hostile enchantments, fairly stealthy
A: fangs 3, see invisible, unbreathing
a: Bat Form


You were on level 2 of the Dungeon.
You were thirsty.

You visited 1 branch of the dungeon, and saw 2 of its levels.

You collected 77 gold pieces.

Inventory:

Hand weapons
 f - a +0 short sword (weapon)
Armour
 d - a +0 cloak (worn)
 j - a +0 robe (worn)
Scrolls
 h - a scroll of fear
 i - a scroll of identify {unknown}
Potions
 a - a potion of beneficial mutation {unknown}
 c - a potion of blood
 g - 2 potions of haste {unknown}
Books
 b - a book of Necromancy

   Spells                             Type                      Level
   *Pain                              Necromancy                   1
   *Animate Skeleton                  Necromancy                   1
   Vampiric Draining                  Necromancy                   3
   Regeneration                       Charms/Necromancy            3
   Animate Dead                       Necromancy                   4
   Control Undead                     Necromancy                   4


   Skills:
 + Level 2.1 Dodging
 + Level 3.7 Stealth
 + Level 2.5 Spellcasting
 + Level 5.0 Necromancy


You had 5 spell levels left.
You knew the following spells:

 Your Spells              Type           Power        Failure   Level  Hunger
a - Pain                  Necr           ###.         1%          1    #......
b - Animate Skeleton      Necr           N/A          1%          1    #......


Dungeon Overview and Level Annotations

Branches:
Dungeon (2/15)

Altars:


Innate Abilities, Weirdness & Mutations

You heal slowly.
You have razor-sharp teeth.
You have supernaturally acute eyesight.
You can survive without breathing.


Message History

You barely miss the adder.
The adder is moderately wounded.
The adder barely misses you. x2
The hobgoblin hits your giant newt skeleton with a club.
Your giant newt skeleton bites the hobgoblin but does no damage.
Your kobold skeleton hits the hobgoblin but does no damage.
The hobgoblin hits your kobold skeleton with a club.
Your kobold skeleton is destroyed!
Your giant newt skeleton closely misses the hobgoblin.
Casting: Pain
Confirm with . or Enter, or press ? or * to list all spells.
Aiming: Pain
Press: ? - help, Shift-Dir - straight line, f/p - adder
Aim: an adder (moderately wounded)
The adder barely resists.
The adder bites you.
* * * LOW HITPOINT WARNING * * *
The adder bites you.
* * * LOW HITPOINT WARNING * * *
The adder bites you.
You die...

#.. #.# #.# #.# #.# #.##..
#.##..... #.##......
#@##....... #S##........ # #
#.##........ ##.#.
######.##........
.....#####.....s##)Zs......
.............).....)........
##.#.#.......#############.
#.#.###.#........ #.#.#
#%#.######


You could see an adder and a giant cockroach.

Vanquished Creatures
  2 adders (D:2)
  An ooze (D:1)
  A bat (D:1)
  2 goblins
  4 hobgoblins
  2 giant newts
  3 kobolds
  2 rats (D:1)
17 creatures vanquished.

Vanquished Creatures (collateral kills)
  3 jackals (D:1)
  A kobold (D:1)
4 creatures vanquished.

Vanquished Creatures (others)
  A bat skeleton (D:1)
  A giant newt skeleton (D:2)
  A hobgoblin skeleton (D:1)
  A kobold skeleton (D:2)
4 creatures vanquished.

Grand Total: 25 creatures vanquished

Notes
Turn   | Place    | Note
--------------------------------------------------------------
     0 | D:1      | Nordron, the Vampire Necromancer, began the quest for the Orb.
     0 | D:1      | Reached XP level 1. HP: 13/13 MP: 3/3
     2 | D:1      | Learned a level 1 spell: Animate Skeleton
   232 | D:1      | Reached XP level 2. HP: 13/19 MP: 0/4
  1030 | D:2      | Reached skill level 5 in Necromancy
  1030 | D:2      | Reached XP level 3. HP: 16/24 MP: 3/6
  1135 | D:2      | Slain by an adder

Action                   || total
-------------------------++-------
Melee: Unarmed           ||     4
       Short sword       ||     6
 Cast: Pain              ||    32
       Animate Skeleton  ||     6
  Use: Scroll            ||     3
